AoeStats
← naphtaligrauer16

Glade

510507050Analyzed
1v1 RM · 2d ago on Oct 1, 2026· 39m 47s· 2 players
Game mode
Random Map
Map size
Tiny (2 player)
Population
200
Speed
Normal
Resources
Standard
Victory
Conquest
Starting age
Dark Age
Ending age
Imperial Age
RankedLock teamsTeams togetherTeam positionsShared explorationLock speedFull tech treeHidden civsTurbo modeCheats
Victory
Defeat
🇩🇪 Shu · Germany
1601
+12
🇩🇪 Wu · Germany
1503
-12
naphtaligrauer16
7:34 Loom
9:50 Feudal Age
15:43 Castle Age
14:13 Double-Bit Axe
14:33 Horse Collar
22:04 Fletching
22:37 Gold Mining
24:45 Bodkin Arrow
25:33 Red Cliffs Tactics
26:24 Wheelbarrow
25:57 Padded Archer Armor
27:19 Ballistics
33:20 Imperial Age
31:40 Leather Archer Armor
32:55 Elite Skirmisher
34:09 Bracer
39:12 Chemistry
PacmanStally
11:20 Feudal Age
10:27 Loom
16:41 Castle Age
14:49 Double-Bit Axe
14:46 Horse Collar
25:28 Imperial Age
23:50 Gold Mining
24:13 Bow Saw
25:18 Masonry
25:58 Fletching
26:41 Conscription
27:18 Bodkin Arrow
28:13 Bracer
28:18 Crossbowman
31:23 Thumb Ring
31:24 Elite Skirmisher
33:31 Padded Archer Armor
34:11 Wheelbarrow
33:21 Town Watch
34:32 Leather Archer Armor
36:40 Ring Archer Armor
38:12 Ballistics
38:53 Chemistry
Connection lost

Rejoining the realm…

Still unreachable

The connection could not be restored.

Session expired

The server has moved on; the page needs a fresh start.